 Dungeon Crawl Stone Soup version 0.30.1-11-g7821555f0a (webtiles) character file.

Game seed: 3455641988312829323

139036 jfcaron the Prince of Secrets (level 17, 0/142 HPs)
             Began as a Gnoll Earth Elementalist on Nov 10, 2023.
             Was a High Priest of Ashenzari.
             Succumbed to a guardian serpent's bolt of poison
             ... on level 4 of the Snake Pit on Nov 11, 2023.
             The game lasted 02:06:25 (37796 turns).

jfcaron the Prince of Secrets (GnEE)               Turns: 37796, Time: 02:06:25

Health: 0/142      AC: 14    Str: 10    XL:     17   Next: 27%
Magic:  17/37      EV: 17    Int: 23    God:    Ashenzari [*****.]
Gold:   540        SH: 11    Dex: 13    Spells: 5/48 levels left

rFire   + . .        a - staff of earth of Curses and Power (curse) {Int+3, Bglg, Fort} (curse)
rCold   . . .        L - +3 warlock's mirror {omnireflect}
rNeg    + . .        y - +2 robe "Esoteric Skepticism" {Will+, Self, Fort} (curse)
rPois   .            m - +0 helmet "Per Aspera Ad Scientiam" {Melee, Bglg} (curse)
rElec   .            t - +2 cloak of the Cryptic Welkin {Elem, Comp} (curse)
rCorr   .            W - +0 pair of gloves "All-seeing Soothsayer" {Elem, Evo} (curse)
SInv    +            U - +0 pair of boots of the All-Knowing {Evo, Range} (curse)
Will    +++++        q - amulet of the Four Winds {rN+ Will+++ Clar}
Stlth   +++++        g - ring "Share My Fetters" {Wiz, Bglg, Self} (curse)
HPRegen 0.43/turn    M - ring "Visionary Apathy" {rF+, Fort, Elem} (curse)
MPRegen 0.25/turn

%: reflection, clarity, wizardry (x1)
@: lethally poisoned (0 -> -16)
A: fangs 1, strong nose, distributed training
a: Renounce Religion, Shatter the Chains


You were on level 4 of the Snake Pit.
You worshipped Ashenzari.
Ashenzari was extremely pleased with you.
You visited 4 branches of the dungeon, and saw 26 of its levels.
You also visited: Sewer, Ossuary, Bailey, Gauntlet and Ice Cave.

You collected 2556 gold pieces.
You spent 2016 gold pieces at shops.

Inventory:

Missiles
 e - a throwing net {!f}
 r - 3 silver boomerangs
 z - 3 poisoned darts
 Q - 15 javelins
 X - a curare-tipped dart {!f}
Armour
 m - the cursed +0 helmet "Per Aspera Ad Scientiam" (worn) {Melee, Bglg}
   (You took it off Robin on level 3 of the Dungeon)

   It has a curse which improves the following skills: Melee Combat: Short
   Blades, Long Blades, Axes, Maces & Flails, Polearms, Staves and Unarmed
   Combat.
   Beguiling: Conjurations, Hexes and Translocations.
 n - the +1 helmet of Ugapsunk {SInv}
   (You found it in a Gauntlet)

   SInv:      It lets you see invisible.
 t - the cursed +2 cloak of the Cryptic Welkin (worn) {Elem, Comp}
   (You found it on level 15 of the Dungeon)

   It has a curse which improves the following skills: Elements: Fire Magic, Ice
   Magic, Air Magic and Earth Magic.
   Companions: Summonings and Necromancy.
 y - the cursed +2 robe "Esoteric Skepticism" (worn) {Will+, Self, Fort}
   (You found it on level 5 of the Dungeon)

   It has a curse which improves the following skills: Introspection: Fighting
   and Spellcasting.
   Fortitude: Armour and Shields.
 L - the +3 warlock's mirror (worn) {omnireflect}
   (You bought it in a shop on level 3 of the Snake Pit)

   Omnireflect: It can block and reflect piercing ranged attacks and magical
   attacks against the wielder's willpower.
 U - the cursed +0 pair of boots of the All-Knowing (worn) {Evo, Range}
   (You found it in an ice cave)

   It has a curse which improves the following skills: Evocations: Evocations.
   Ranged Combat: Ranged Weapons and Throwing.
 W - the cursed +0 pair of gloves "All-seeing Soothsayer" (worn) {Elem, Evo}
   (You found it on level 4 of the Lair of Beasts)

   It has a curse which improves the following skills: Elements: Fire Magic, Ice
   Magic, Air Magic and Earth Magic.
   Evocations: Evocations.
Magical Staves
 a - the cursed staff of earth of Curses and Power (weapon) {Int+3, Bglg, Fort}
   (You acquired it on level 3 of the Dungeon)

   [staff of earth]

   Base accuracy: +5 Base damage: 5 Base attack delay: 1.2 This weapon's minimum
   attack delay (0.6) is reached at skill level 12.
   Int:       It affects your intelligence (+3).
   It falls into the 'Staves' category.
   It is a one-handed weapon.
   It has a curse which improves the following skills: Beguiling: Conjurations,
   Hexes and Translocations.
   Fortitude: Armour and Shields.
Jewellery
 g - the cursed ring "Share My Fetters" (left hand) {Wiz, Bglg, Self}
   (You found it on level 1 of the Lair of Beasts)

   [ring of wizardry]

   It improves your spell success rate.
   It has a curse which improves the following skills: Beguiling: Conjurations,
   Hexes and Translocations.
   Introspection: Fighting and Spellcasting.
 q - the amulet of the Four Winds (around neck) {rN+ Will+++ Clar}
   (You found it in a Gauntlet)

   [amulet of nothing]

   rN:        It protects you from negative energy.
   Clar:      It protects you from confusion, rage, mesmerisation and fear.
   Will:      It greatly increases your willpower.
 s - the ring of Ladyek {rC+ rCorr}
   (You found it in a Gauntlet)

   [ring of protection from cold]

   rC:        It protects you from cold.
   rCorr:     It protects you from acid and corrosion.
 M - the cursed ring "Visionary Apathy" (right hand) {rF+, Fort, Elem}
   (You found it on level 7 of the Dungeon)

   [ring of protection from fire]

   rF:        It protects you from fire.
   It has a curse which improves the following skills: Fortitude: Armour and
   Shields.
   Elements:  Fire Magic, Ice Magic, Air Magic and Earth Magic.
Wands
 b - a wand of digging (4)
 f - a wand of polymorph (7)
 j - a wand of light (2)
 A - a wand of iceblast (43)
   (You found it on level 6 of the Dungeon)
 D - a wand of mindburst (26)
   (You found it on level 6 of the Dungeon)
 T - a wand of charming (29)
   (You found it in an ice cave)
Scrolls
 d - 4 scrolls of fog
 i - 2 scrolls of vulnerability
 l - 3 scrolls of amnesia
 p - a scroll of brand weapon
 u - 7 scrolls of teleportation
 w - a scroll of magic mapping
 C - 3 scrolls of fear
 I - a scroll of enchant weapon
 J - 3 scrolls of poison
 O - a scroll of silence
 R - 2 scrolls of torment
Potions
 c - 5 potions of brilliance
 h - 15 potions of curing
 k - 7 potions of haste
 o - 9 potions of resistance
 v - 4 potions of flight
 x - 7 potions of magic
 B - 7 potions of might
 E - a potion of berserk rage
 F - a potion of cancellation
 G - 11 potions of heal wounds
 H - 4 potions of invisibility
 K - 2 potions of ambrosia
 Z - 3 potions of lignification
Miscellaneous
 N - a condenser vane
   (You bought it in a shop on level 8 of the Dungeon)
 V - a lightning rod (1/4)
   (You found it on level 10 of the Dungeon)


   Skills:
 + Level 11.9(15.0) Fighting
 + Level 11.9(14.0) Short Blades
 + Level 11.9(14.0) Long Blades
 + Level 11.9(14.0) Axes
 + Level 11.9(14.0) Maces & Flails
 + Level 11.9(14.0) Polearms
 + Level 11.9(14.0) Staves
 + Level 11.9(14.0) Ranged Weapons
 + Level 11.9(14.0) Throwing
 + Level 11.9(16.0) Armour
 + Level 12.7 Dodging
 + Level 12.6 Stealth
 + Level 11.9(16.0) Shields
 + Level 11.9(14.0) Unarmed Combat
 + Level 12.9(16.0) Spellcasting
 + Level 10.1(14.2) Conjurations
 + Level 10.1(14.2) Hexes
 + Level 10.1(12.2) Summonings
 + Level 10.1(12.2) Necromancy
 + Level 10.1(14.2) Translocations
 + Level 10.3 Transmutations
 + Level 10.1(14.2) Fire Magic
 + Level 10.1(14.2) Ice Magic
 + Level 10.1(14.2) Air Magic
 + Level 11.4(15.6) Earth Magic
 + Level 10.1 Poison Magic
 + Level 13.0 Invocations
 + Level 11.9(15.0) Evocations


You had 5 spell levels left.
You knew the following spells:

 Your Spells              Type           Power      Damage    Failure   Level
a - Sandblast             Erth           100%       2d20      0%          1
b - Passwall              Tmut/Erth      72%        N/A       1%          2
c - Stone Arrow           Conj/Erth      100%       3d13      0%          3
d - Call Canine Familiar  Summ           65%        N/A       1%          3
e - Petrify               Tmut/Erth      87%        N/A       1%          4
f - Summon Guardian Gole  Hex/Summ       68%        N/A       1%          3
g - Iron Shot             Conj/Erth      46%        9d9       1%          6
h - Apportation           Tloc           100%       N/A       0%          1
i - Alistair's Intoxicat  Tmut/Pois      40%        N/A       1%          5
j - Hailstorm             Conj/Ice       71%        3d15      1%          3
k - Spellforged Servitor  Conj/Summ      34%        N/A       5%          7
l - Arcjolt               Conj/Air       35%        1d45      1%          5

Your spell library contained the following spells:

 Spells                   Type           Power      Damage    Failure   Level
 Kiss of Death            Conj/Necr      100%       2d13      0%          1
 Necrotise                Necr           100%       1d9       0%          1
 Shock                    Conj/Air       100%       1d9       0%          1
 Summon Small Mammal      Summ           100%       N/A       0%          1
 Ensorcelled Hibernation  Hex/Ice        100%       N/A       0%          2
 Scorch                   Fire           100%       2d9       0%          2
 Sting                    Tmut/Pois      100%       1d8       1%          1
 Sublimation of Blood     Necr           65%        N/A       1%          2
 Wereblood                Tmut           60%        N/A       1%          2
 Frozen Ramparts          Ice            100%       1d16      1%          3
 Inner Flame              Hex/Fire       71%        N/A       1%          3
 Swiftness                Air            71%        N/A       1%          3
 Airstrike                Air            35%        2d(6-22)  1%          4
 Animate Armour           Summ/Erth      100%       N/A       1%          4
 Animate Dead             Necr           65%        N/A       1%          4
 Flame Wave               Conj/Fire      71%        2d16      1%          4
 Ice Form                 Ice/Tmut       66%        N/A       1%          4
 Summon Ice Beast         Ice/Summ       68%        N/A       1%          4
 Agony                    Necr           65%        N/A       1%          5
 Borgnjor's Vile Clutch   Necr/Erth      44%        N/A       1%          5
 Fireball                 Conj/Fire      35%        3d15      1%          5
 Irradiate                Conj/Tmut      33%        3d22      1%          5
 Iskenderun's Battlesphe  Conj           71%        2d12      1%          5
 Yara's Violent Unravell  Hex/Tmut       33%        3d14      1%          5
 Conjure Ball Lightning   Conj/Air       35%        3x3d11    1%          6
 Death Channel            Necr           32%        N/A       1%          6
 Simulacrum               Ice/Necr       34%        N/A       1%          6
 Summon Cactus Giant      Summ           32%        N/A       1%          6
 Enfeeble                 Hex            35%        N/A       3%          7
 Orb of Destruction       Conj           35%        9d10      3%          7
 Summon Hydra             Summ           32%        N/A       9%          7
 Lehudib's Crystal Spear  Conj/Erth      46%        10d11     21%         8
 Discord                  Hex            35%        N/A       26%         8
 Disjunction              Tloc           35%        N/A       26%         8
 Borgnjor's Revivificati  Necr           32%        N/A       50%         8
 Necromutation            Tmut/Necr      31%        N/A       65%         8
 Shatter                  Erth           47%        3d36*     91%         9
 Chain Lightning          Conj/Air       35%        3d47      98%         9
 Fire Storm               Conj/Fire      35%        8d9       98%         9
 Death's Door             Necr           32%        N/A       100%        9


Dungeon Overview and Level Annotations

Branches:
Dungeon (15/15)            Temple (0/1) D:7            Lair (5/5) D:11
  Swamp (0/4) Lair:3        Snake (4/4) Lair:3        Slime (0/5) Lair:5
    Orc (2/2) D:10            Elf (0/3) Orc:2        Vaults (0/5) D:13
 Depths (0/4) D:15          Sewer (visited)         Ossuary (visited)
 Bailey (visited)           IceCv (visited)         Gauntlet (visited)

Altars:
Ashenzari
Elyvilon
Hepliaklqana
Kikubaaqudgha
Makhleb
Okawaru
Qazlal
Sif Muna
Uskayaw
Wu Jian
Xom
Zin
Jiyva

Shops:
D:8 ==*([   Orc:2 =(**   Snake:3 ([

Annotations:
D:13 3 runed translucent doors, Laveh's ghost, journeyman MiFi; Patrick2011b's ghost, journeyman SpCj
D:14 2 transporters, 3 runed translucent doors, Ejotwaer's ghost, journeyman MiFi; Fessuorch's ghost, journeyman DECj; Nolodgh's ghost, journeyman DgHu; Viydgh's ghost, journeyman FoNe; lonewolfV2's ghost, journeyman MiFi


Innate Abilities, Weirdness & Mutations

You have very sharp teeth.
Your uncanny sense of smell can sniff out nearby items.
Your experience applies equally to all skills.


Message History

The naga closely misses you. The naga grabs you. The naga constricts you.
* * * LOW HITPOINT WARNING * * *
Casting: Iron Shot (mildly dangerous; 1% risk of failure)
Confirm with . or Enter, or press ? or * to list all spells.
Aiming: Iron Shot (mildly dangerous; 1% risk of failure)
Press: ? - help, Shift-Dir - straight line, f/p - naga sharpshooter
Aim: a naga sharpshooter, wielding a +2 arbalest of flaming and wearing a +0 robe (moderately wounded, 78% to hit)
You feel a surge of power!
The iron shot hits the naga sharpshooter!!!
You kill the naga sharpshooter!
You feel sick. You block the naga's attack. The naga constricts you.
* * * LOW HITPOINT WARNING * * *
Your Invocations skill increases to level 13!
Casting: Iron Shot (mildly dangerous; 1% risk of failure)
Confirm with . or Enter, or press ? or * to list all spells.
Aiming: Stone Arrow (safe; 0% risk of failure)
Press: ? - help, Shift-Dir - straight line, f - naga
Aim: a naga, wielding a +0 scimitar and wearing a +0 robe (constricting you, ally target, 78% to hit)
You feel a surge of power!
The stone arrow hits the naga!!
The naga is severely wounded.
You feel sick. The naga hits you but does no damage. The naga constricts you.
Casting: Stone Arrow (safe; 0% risk of failure)
Confirm with . or Enter, or press ? or * to list all spells.
Aiming: Stone Arrow (safe; 0% risk of failure)
Press: ? - help, Shift-Dir - straight line, f/p - naga
Aim: a naga, wielding a +0 scimitar and wearing a +0 robe (severely wounded, constricting you, ally target, 78% to hit)
You feel a surge of power!
The stone arrow hits the naga!!
You kill the naga!
You feel sick.
You are no longer poisoned.
A guardian serpent comes into view.
The guardian serpent casts a spell at you.
The bolt of poison misses you.
The guardian serpent coils itself and waves its upper body at you.
The bolt of poison hits you!!
You are poisoned.
* * * LOW HITPOINT WARNING * * *
You die...

###..........# #............#
............###### #...........##
.................# #..........##
........9........# #.........##
..........S.)....###........##,{,
##...............##........##,{
#...............##.......## ,,
##.......................##,
................@.......## ,,
.........).............##, ,**
......................## * ,,
.....................##,,,*
....#####...........##. , *,,, ,
....# #.......(...##.., ,,, ,
....####..........##{(. ,, , ,
.................##.{(., * ,,
..............).##.{.# ,,*


You could see a guardian serpent.

Vanquished Creatures
  Rupert (D:13)
  Frances (D:13)
  Kirke (D:15)
  Aizul (Snake:3)
  A very ugly thing (D:15)
  A minotaur (Gauntlet)
  A salamander tyrant (Snake:4)
  A yaktaur captain (D:13)
  8 hydras
  2 centaur warriors
  2 catoblepae (Lair:5)
  2 ironbound frosthearts (IceCv)
  4 anacondas
  3 tengu warriors (D:15)
  4 boulder beetles
  15 naga warriors
  7 death yaks
  3 orc high priests (Orc:2)
  A deep troll shaman (Lair:5)
  2 shock serpents
  11 naga sharpshooters
  A fire crab (Gauntlet)
  8 skeletal warriors (D:12)
  2 salamander mystics
  A glowing orange brain (D:15)
  A lindwurm (Lair:5)
  4 naga ritualists
  3 deep elf pyromancers
  The ghost of Brisketman the Gouger, a novice FeEn of Dithmenos (D:10)
  6 mana vipers
  6 orc knights
  5 orc sorcerers
  4 cyclopes
  9 salamanders
  2 manticores
  A moth of wrath (Gauntlet)
  8 elephants (Lair:5)
  21 ugly things
  27 black mambas
  8 naga magi
  5 guardian serpents
  2 ice statues
  A water nymph (shapeshifter) (D:14)
  An eye of devastation (shapeshifter) (D:15)
  A gargoyle (D:11)
  10 cane toads
  An unseen horror (D:14)
  An unseen horror (shapeshifter) (D:15)
  4 rime drakes
  Psyche (D:10)
  5 yaktaurs
  A freezing wraith (D:14)
  A kobold demonologist (D:11)
  2 tengu conjurers (D:13)
  7 komodo dragons
  An ice devil (Gauntlet)
  An efreet (D:14)
  14 polar bears
  5 trolls
  7 blink frogs
  Grinder (D:3)
  5 dream sheep (Lair:4)
  10 slime creatures
  2 nameless horrors (Snake:4)
  68 yaks
  A hog (shapeshifter) (D:15)
  2 wraiths (D:11)
  2 humans (D:15)
  4 fire bats (Gauntlet)
  3 hogs (D:15)
  A water elemental (D:15)
  A basilisk (Lair:2)
  Eustachio (D:4)
  A steam dragon (D:9)
  8 vampire mosquitoes
  41 nagas
  2 wargs (Orc:2)
  An acid dragon (D:6)
  3 hell hounds (Gauntlet)
  6 water moccasins
  A meliai simulacrum (D:14)
  26 orc warriors
  A sky beast (D:7)
  6 black bears
  2 ice beasts
  32 wolves
  9 ogres
  3 centaurs
  2 phantoms (D:5)
  2 kobold brigands (Sewer)
  4 bullfrogs
  2 gnoll sergeants
  3 scorpions
  4 water moccasin zombies (Ossuary)
  6 killer bees (D:8)
  2 electric eels (D:15)
  12 howler monkeys
  15 orc priests
  5 hounds
  9 jellies
  Crazy Yiuf (D:2)
  A gnoll bouda (D:7)
  2 sleepcaps (D:5)
  Natasha (D:3)
  5 iguanas
  29 orc wizards
  2 mummies (Ossuary)
  Robin (D:3)
  24 gnolls
  3 river rats (Sewer)
  12 adders
  6 white imps
  An ufetubus (D:6)
  7 adder zombies (Ossuary)
  76 orcs
  10 ball pythons
  2 endoplasms (D:4)
  4 giant cockroaches
  5 gnoll zombies (Ossuary)
  15 goblins
  9 hobgoblins
  A jackal (Sewer)
  12 quokkas
  5 bats
  7 frilled lizards
  10 hobgoblin zombies (Ossuary)
  13 kobolds
  3 kobold zombies (Ossuary)
  5 orc zombies (Ossuary)
  A quokka zombie (D:7)
  10 rats
  A rat zombie (D:7)
  A butterfly (D:6)
855 creatures vanquished.

Notes
Turn   | Place    | Note
-------+----------+-------------------------------------------
     0 | D:1      | jfcaron the Gnoll Earth Elementalist began the quest for
                  | the Orb.
     0 | D:1      | Reached XP level 1. HP: 13/13 MP: 6/6
   251 | D:1      | Reached XP level 2. HP: 19/19 MP: 5/7
   995 | D:2      | Reached skill level 5 in Spellcasting
   995 | D:2      | Reached XP level 3. HP: 25/25 MP: 7/9
   998 | D:2      | Learned a level 2 spell: Passwall
  1535 | D:2      | Reached skill level 1 in Invocations
  1743 | D:2      | Found a runed translucent door.
  1744 | D:2      | Noticed Crazy Yiuf
  1750 | D:2      | Killed Crazy Yiuf
  1751 | D:2      | Reached skill level 1 in Fighting
  1751 | D:2      | Reached skill level 1 in Short Blades
  1751 | D:2      | Reached skill level 1 in Long Blades
  1751 | D:2      | Reached skill level 1 in Axes
  1751 | D:2      | Reached skill level 1 in Maces & Flails
  1751 | D:2      | Reached skill level 1 in Polearms
  1751 | D:2      | Reached skill level 1 in Staves
  1751 | D:2      | Reached skill level 1 in Ranged Weapons
  1751 | D:2      | Reached skill level 1 in Throwing
  1751 | D:2      | Reached skill level 1 in Armour
  1751 | D:2      | Reached skill level 1 in Shields
  1751 | D:2      | Reached skill level 1 in Unarmed Combat
  1751 | D:2      | Reached skill level 1 in Evocations
  1751 | D:2      | Reached XP level 4. HP: 32/32 MP: 7/11
  1787 | D:3      | Identified a scroll of acquirement
  1787 | D:3      | Acquired the staff of earth "Zirph" {Int+3}
  1873 | D:3      | Noticed Grinder
  1878 | D:3      | Killed Grinder
  1879 | D:3      | Reached skill level 1 in Conjurations
  1879 | D:3      | Reached skill level 1 in Hexes
  1879 | D:3      | Reached skill level 1 in Summonings
  1879 | D:3      | Reached skill level 1 in Necromancy
  1879 | D:3      | Reached skill level 1 in Translocations
  1879 | D:3      | Reached skill level 1 in Fire Magic
  1879 | D:3      | Reached skill level 1 in Ice Magic
  1879 | D:3      | Reached skill level 1 in Air Magic
  1879 | D:3      | Reached skill level 1 in Poison Magic
  1879 | D:3      | Reached skill level 2 in Invocations
  1879 | D:3      | Reached XP level 5. HP: 34/38 MP: 9/12
  1879 | D:3      | Reached XP level 6. HP: 39/44 MP: 10/14
  1889 | D:3      | Found a broken altar of Ashenzari.
  1892 | D:3      | Became a worshipper of Ashenzari the Shackled
  1966 | D:3      | Noticed Robin
  1971 | D:3      | Killed Robin
  1972 | D:3      | Reached skill level 5 in Dodging
  2029 | D:3      | Found a glowing drain.
  2047 | Sewer    | Entered a sewer
  2411 | Sewer    | Reached XP level 7. HP: 51/51 MP: 11/15
  2551 | Sewer    | Learned a level 3 spell: Stone Arrow
  2965 | D:3      | Acquired the Teachings on the Stony Xenotype
  3125 | D:3      | Noticed Natasha
  3131 | D:3      | Killed Natasha
  3218 | D:3      | jfcaron: ??introspection
  3218 | D:3      | beem: curse[2/3]: Melee: all melee weapon skills + UC.
                  | Range: All ranged skills + Throwing. Elem: All elemental
                  | spell schools. Alch: Poison and Transmutations. Comp:
                  | Summoning and Necromancy. Bglg: Conjurations, Hexes, and
                  | Translocations. Self: Fighting and Spellcasting. Fort:
                  | Armour and Shields. Cun: Dodging and Stealth. Evo: Evo.
  3218 | D:3      | jfcaron: ??companions
  3218 | D:3      | beem: I don't have a page labeled companions in my learndb.
  3460 | D:4      | Found an ancient bone altar of Kikubaaqudgha.
  3636 | D:4      | Reached * piety under Ashenzari
  3837 | D:4      | Found a glowing silver altar of Zin.
  3866 | D:4      | Found a shimmering blue altar of Sif Muna.
  4133 | D:4      | Noticed Eustachio
  4143 | D:4      | Killed Eustachio
  4144 | D:4      | Reached skill level 5 in Stealth
  4144 | D:4      | Reached skill level 3 in Invocations
  4701 | D:5      | Entered Level 5 of the Dungeon
  4736 | D:5      | Reached XP level 8. HP: 60/60 MP: 14/17
  4893 | D:5      | Noticed a yak
  4893 | D:5      | Noticed a yak
  4893 | D:5      | Noticed a yak
  4893 | D:5      | Noticed a yak
  4894 | D:5      | Noticed a yak
  4894 | D:5      | Noticed a yak
  4916 | D:5      | Killed a yak
  4924 | D:5      | Killed a yak
  4934 | D:5      | HP: 8/60 [yak (7)]
  4940 | D:5      | Killed a yak
  4941 | D:5      | Reached skill level 4 in Invocations
  4942 | D:5      | HP: 6/61 [yak (9)]
  4953 | D:4      | Killed a yak
  4996 | D:5      | Killed a yak
  4997 | D:5      | Reached XP level 9. HP: 66/66 MP: 6/19
  5001 | D:5      | Learned a level 3 spell: Call Canine Familiar
  5006 | D:5      | Learned a level 4 spell: Petrify
  5835 | D:5      | Reached skill level 5 in Invocations
  5879 | D:6      | Found a shimmering altar of Xom.
  6060 | D:6      | Found an ornate altar of the Wu Jian Council.
  6602 | D:6      | Found a white marble altar of Elyvilon.
  6763 | D:6      | Reached skill level 5 in Fighting
  6763 | D:6      | Reached skill level 5 in Short Blades
  6763 | D:6      | Reached skill level 5 in Long Blades
  6763 | D:6      | Reached skill level 5 in Axes
  6763 | D:6      | Reached skill level 5 in Maces & Flails
  6763 | D:6      | Reached skill level 5 in Polearms
  6763 | D:6      | Reached skill level 5 in Staves
  6763 | D:6      | Reached skill level 5 in Ranged Weapons
  6763 | D:6      | Reached skill level 5 in Throwing
  6763 | D:6      | Reached skill level 5 in Armour
  6763 | D:6      | Reached skill level 5 in Shields
  6763 | D:6      | Reached skill level 5 in Unarmed Combat
  6763 | D:6      | Reached skill level 5 in Evocations
  6763 | D:6      | Reached XP level 10. HP: 74/74 MP: 16/20
  7006 | D:7      | Found a flagged portal.
  7013 | Bailey   | Entered a bailey
  7130 | Bailey   | Noticed an orc knight
  7139 | Bailey   | Killed an orc knight
  7241 | D:7      | Found a sand-covered staircase.
  7258 | Ossuary  | Entered an ossuary
  7674 | D:7      | Reached skill level 5 in Transmutations
  7785 | D:7      | Noticed a +0 dagger
  7786 | D:7      | Found a hide-covered altar of Uskayaw.
  7787 | D:7      | Noticed a +0 hand axe
  7930 | D:7      | Found a staircase to the Ecumenical Temple.
  8142 | D:7      | Reached skill level 6 in Invocations
  8414 | D:8      | Found Camasel's Jewellery Emporium.
  8553 | D:8      | Found Veal's Jewellery Shop.
  8640 | D:8      | Found a hazy altar of Hepliaklqana.
  8665 | D:8      | Found Koluogh's Assorted Antiques.
  8788 | D:8      | Reached ** piety under Ashenzari
  8818 | D:8      | Found Roqyc's Antique Armour Shop.
  8932 | D:8      | Found Ingyteg's Weapon Shoppe.
  9910 | D:9      | Reached skill level 5 in Conjurations
  9910 | D:9      | Reached skill level 5 in Hexes
  9910 | D:9      | Reached skill level 5 in Summonings
  9910 | D:9      | Reached skill level 5 in Necromancy
  9910 | D:9      | Reached skill level 5 in Translocations
  9910 | D:9      | Reached skill level 5 in Fire Magic
  9910 | D:9      | Reached skill level 5 in Ice Magic
  9910 | D:9      | Reached skill level 5 in Air Magic
  9910 | D:9      | Reached skill level 5 in Poison Magic
  9913 | D:9      | Reached XP level 11. HP: 72/84 MP: 15/24
  9981 | D:9      | You fall into a shaft and drop 3 floors!
  9986 | D:12     | Noticed a manticore
 10008 | D:12     | Noticed a centaur warrior
 10012 | D:12     | Noticed a cyclops
 10026 | D:12     | Killed a cyclops
 10034 | D:12     | Reached *** piety under Ashenzari
 10044 | D:12     | Found a frozen archway.
 10059 | D:12     | Noticed a purple ugly thing
 10062 | IceCv    | Entered an ice cave
 10088 | IceCv    | Learned a level 3 spell: Summon Guardian Golem
 10180 | IceCv    | Noticed a white ugly thing
 10191 | IceCv    | Killed a white ugly thing
 10300 | IceCv    | Reached skill level 7 in Invocations
 11014 | IceCv    | Noticed a death yak
 11014 | IceCv    | Noticed an ironbound frostheart
 11016 | IceCv    | Noticed an ironbound frostheart
 11033 | IceCv    | Killed an ironbound frostheart
 11033 | IceCv    | Killed a death yak
 11034 | IceCv    | Reached skill level 8 in Invocations
 11034 | IceCv    | Reached XP level 12. HP: 91/94 MP: 19/26
 11038 | IceCv    | Killed an ironbound frostheart
 11131 | IceCv    | Identified the Collected Works on Sinister Pyromancy
 11133 | IceCv    | Identified the +7 flail of Wicked Watchfulness {heavy, rC++
                  | rN+ SInv}
 11196 | D:12     | Killed a centaur warrior
 11395 | D:11     | Reached **** piety under Ashenzari
 11437 | D:11     | Noticed a boulder beetle
 11450 | D:11     | Killed a boulder beetle
 11668 | D:10     | Entered Level 10 of the Dungeon
 12241 | D:8      | Bought a scorched staff for 336 gold pieces
 12241 | D:8      | Identified the staff of cold "Ygamnun" {rF++ rC+ Str-4
                  | Int+3} (You bought it in a shop on level 8 of the Dungeon)
 12528 | D:10     | Noticed a boulder beetle
 12538 | D:10     | Killed a boulder beetle
 12646 | D:10     | Found an iron altar of Okawaru.
 12730 | D:10     | Found a staircase to the Orcish Mines.
 12770 | D:10     | Noticed Psyche
 12778 | D:10     | Killed Psyche
 12779 | D:10     | Reached XP level 13. HP: 103/103 MP: 28/28
 12835 | D:10     | Found a runed translucent door.
 12835 | D:10     | Noticed Brisketman's ghost (novice FeEn)
 13249 | D:10     | Reached skill level 9 in Invocations
 13473 | D:10     | Killed Brisketman's ghost
 13904 | D:11     | Found a staircase to the Lair.
 14730 | D:11     | Learned a level 6 spell: Iron Shot
 15392 | D:12     | Reached skill level 10 in Spellcasting
 16071 | Lair:1   | Entered Level 1 of the Lair of Beasts
 16291 | Lair:1   | Identified the +1 long sword of Wu Jian's Generosity
                  | {spect, *Corrode rPois rC++ Stlth+}
 16408 | Lair:1   | Reached ***** piety under Ashenzari
 16921 | Lair:2   | Reached skill level 10 in Dodging
 17162 | Lair:2   | Learned a level 1 spell: Apportation
 18238 | Lair:3   | Reached skill level 10 in Stealth
 18720 | Lair:3   | Found a staircase to the Swamp.
 18824 | Lair:3   | Found a staircase to the Snake Pit.
 19375 | Lair:4   | Reached skill level 10 in Invocations
 19375 | Lair:4   | Reached XP level 14. HP: 115/115 MP: 18/31
 20794 | Lair:5   | Entered Level 5 of the Lair of Beasts
 21191 | Lair:5   | Found a viscous altar of Jiyva.
 21194 | Lair:5   | Found a staircase to the Slime Pits.
 21568 | Lair:5   | jfcaron: ??curse item
 21568 | Lair:5   | beem: I don't have a page labeled curse_item in my learndb.
 21568 | Lair:5   | jfcaron: ??introspection
 21568 | Lair:5   | beem: curse[2/3]: Melee: all melee weapon skills + UC.
                  | Range: All ranged skills + Throwing. Elem: All elemental
                  | spell schools. Alch: Poison and Transmutations. Comp:
                  | Summoning and Necromancy. Bglg: Conjurations, Hexes, and
                  | Translocations. Self: Fighting and Spellcasting. Fort:
                  | Armour and Shields. Cun: Dodging and Stealth. Evo: Evo.
 23054 | Lair:5   | Learned a level 5 spell: Alistair's Intoxication
 23199 | Orc:1    | Entered Level 1 of the Orcish Mines
 23213 | Orc:1    | Reached skill level 10 in Earth Magic
 23303 | Orc:1    | Reached ****** piety under Ashenzari
 23567 | Orc:2    | Entered Level 2 of the Orcish Mines
 23571 | Orc:2    | Found a gate leading to a gauntlet.
 23601 | Gauntlet | Entered a Gauntlet
 23601 | Gauntlet | Found a transporter.
 23601 | Gauntlet | Found a transporter.
 23601 | Gauntlet | Found a runed translucent door.
 23601 | Gauntlet | Found a runed translucent door.
 23696 | Gauntlet | Found a transporter.
 23697 | Gauntlet | Found a runed translucent gate.
 23700 | Gauntlet | Found a runed translucent gate.
 23701 | Gauntlet | Found a runed translucent gate.
 23708 | Gauntlet | Found a transporter.
 23724 | Gauntlet | Identified the ring of Kauhi {Str+5 SInv}
 23726 | Gauntlet | Found a transporter.
 23726 | Gauntlet | Found a transporter.
 23728 | Gauntlet | Found a transporter.
 23728 | Gauntlet | Found a transporter.
 23729 | Gauntlet | Found a transporter.
 23743 | Gauntlet | Found a transporter.
 23745 | Gauntlet | Identified the -1 helmet of Wasted Space {rF- rC- Int+6
                  | Dex+5}
 23756 | Gauntlet | Identified the -2 pair of boots "Utuqyuse" {rCorr}
 23757 | Gauntlet | Found a transporter.
 23767 | Gauntlet | Found a transporter.
 23768 | Gauntlet | Identified the +1 helmet of Ugapsunk {SInv}
 23781 | Gauntlet | Found a transporter.
 23803 | Gauntlet | Found a transporter.
 24086 | Gauntlet | Learned a level 3 spell: Hailstorm
 24090 | Gauntlet | Reached skill level 10 in Fighting
 24090 | Gauntlet | Reached skill level 10 in Short Blades
 24090 | Gauntlet | Reached skill level 10 in Long Blades
 24090 | Gauntlet | Reached skill level 10 in Axes
 24090 | Gauntlet | Reached skill level 10 in Maces & Flails
 24090 | Gauntlet | Reached skill level 10 in Polearms
 24090 | Gauntlet | Reached skill level 10 in Staves
 24090 | Gauntlet | Reached skill level 10 in Ranged Weapons
 24090 | Gauntlet | Reached skill level 10 in Throwing
 24090 | Gauntlet | Reached skill level 10 in Armour
 24090 | Gauntlet | Reached skill level 10 in Shields
 24090 | Gauntlet | Reached skill level 10 in Unarmed Combat
 24090 | Gauntlet | Reached skill level 10 in Evocations
 24192 | Gauntlet | Found the amulet of the Four Winds {rN+ Will+++ Clar}
 24192 | Gauntlet | Identified the ring of Ladyek {rC+ rCorr}
 24192 | Gauntlet | Identified the Encyclopedia of Different Battling
 24322 | Gauntlet | Learned a level 7 spell: Spellforged Servitor
 24462 | Orc:2    | Found a staircase to the Elven Halls.
 24476 | Orc:2    | Found a burning altar of Makhleb.
 24518 | Orc:2    | Reached XP level 15. HP: 124/124 MP: 24/33
 24773 | Orc:2    | Reached skill level 11 in Invocations
 25447 | Orc:2    | Found Nythroeng's Assorted Antiques.
 25447 | Orc:2    | Found Ojoaff's General Store.
 25448 | Orc:2    | Found Vantebab's Weapon Boutique.
 25448 | Orc:2    | Found Japrior's Jewellery Boutique.
 25827 | D:13     | Noticed Frances
 25835 | D:13     | Killed Frances
 25842 | D:13     | Noticed Rupert
 25848 | D:13     | Killed Rupert
 26615 | D:13     | Found a gate to the Vaults.
 26820 | D:13     | Found a runed translucent gate.
 26820 | D:13     | Found a runed translucent gate.
 26820 | D:13     | Found a runed translucent gate.
 26820 | D:13     | Noticed Laveh's ghost (journeyman MiFi)
 26822 | D:13     | Noticed Patrick2011b's ghost (journeyman SpCj)
 27291 | D:14     | Learned a level 5 spell: Arcjolt
 27537 | D:14     | Found a transporter.
 27552 | D:14     | Identified the scarf of Action {+Inv, Stlth+}
 27553 | D:14     | Identified the staff of air "Cexar" {rElec rF+ rC- Int+6}
 27558 | D:14     | Found a transporter.
 27566 | D:14     | Noticed a storm dragon
 27566 | D:14     | Identified the +1 ring mail "Guerphy" {Harm Int-3 SInv}
 27888 | D:14     | Found a runed translucent gate.
 27889 | D:14     | Found a runed translucent gate.
 27889 | D:14     | Found a runed translucent gate.
 27890 | D:14     | Noticed Ejotwaer's ghost (journeyman MiFi)
 27890 | D:14     | Noticed lonewolfV2's ghost (journeyman MiFi)
 27891 | D:14     | Noticed Nolodgh's ghost (journeyman DgHu)
 27891 | D:14     | Noticed Viydgh's ghost (journeyman FoNe)
 27891 | D:14     | Noticed Fessuorch's ghost (journeyman DECj)
 27892 | D:14     | Identified the +7 chain mail of Pandemonium {rPois rF+
                  | Dex+2 Stlth+}
 28150 | D:15     | Entered Level 15 of the Dungeon
 28576 | D:15     | Noticed Kirke
 28580 | D:15     | Killed Kirke
 29877 | D:15     | Reached XP level 16. HP: 131/131 MP: 25/34
 30077 | D:15     | Found a staircase to the Depths.
 30404 | Snake:1  | Entered Level 1 of the Snake Pit
 30609 | Snake:1  | Reached skill level 12 in Invocations
 30966 | Snake:1  | Found a stormy altar of Qazlal.
 33304 | D:8      | Bought a condenser vane for 1120 gold pieces
 34697 | Snake:3  | Noticed Aizul
 34702 | Snake:3  | Killed Aizul
 34706 | Snake:3  | Reached skill level 10 in Transmutations
 34875 | Snake:3  | Found Tiwkej's Armour Shop.
 34875 | Snake:3  | Found Texesoblui's Weapon Boutique.
 34899 | Snake:3  | Bought the +3 warlock's mirror {omnireflect} for 560 gold
                  | pieces
 34899 | Snake:3  | Found the +3 warlock's mirror {omnireflect}
 34916 | Snake:3  | Found a glowing silver altar of Zin.
 35120 | Snake:3  | Identified the +7 war axe "Joomanlep" {chaos, rPois SInv}
 35344 | Snake:4  | Entered Level 4 of the Snake Pit
 36028 | Snake:4  | Reached XP level 17. HP: 94/140 MP: 4/36
 36865 | Snake:4  | Identified the ring of Huty {Wiz rF- Dex+5}
 36894 | Snake:4  | Reached skill level 10 in Conjurations
 36894 | Snake:4  | Reached skill level 10 in Hexes
 36894 | Snake:4  | Reached skill level 10 in Summonings
 36894 | Snake:4  | Reached skill level 10 in Necromancy
 36894 | Snake:4  | Reached skill level 10 in Translocations
 36894 | Snake:4  | Reached skill level 10 in Fire Magic
 36894 | Snake:4  | Reached skill level 10 in Ice Magic
 36894 | Snake:4  | Reached skill level 10 in Air Magic
 36894 | Snake:4  | Reached skill level 10 in Poison Magic
 37786 | Snake:4  | Reached skill level 13 in Invocations
 37795 | Snake:4  | HP: 3/142 [guardian serpent/bolt of poison (33)]
 37796 | Snake:4  | Succumbed to a guardian serpent's bolt of poison

Illustrated notes

Levels and vault maps discovered:
D:1:      dpeg_arrival_connections, layout_basic, roderic_st_hans_cross
D:2:      layout_basic, minmay_misc_feat_square, uniq_crazy_yiuf_cottage
D:3:      layout_basic, ashenzari_altar_1, portal_sewer_entry_f,
          hangedman_abyss_or_decor_stabs, amcnicky_mini_pool_small,
          uniq_natasha, uniq_grinder, uniq_robin
D:4:      layout_layer_cave, mainiacjoe_overflow_concentric_impassable,
          mainiacjoe_overflow_chevrons, mainiacjoe_overflow_alcove_4,
          uniq_eustachio
D:5:      minmay_opposing_rooms, layout_loops_ring, minmay_misc_feat_room
D:6:      layout_loops_ring, nicolae_wu_jian_immortal_techniques,
          nicolae_elyvilon_peaceful_grove, mainiacjoe_overflow_six_doors_small
D:7:      layout_loops_ring, dancing_weapons_uskayaw,
          minmay_temple_entry_large_hall, enter_bailey_2, enter_ossuary_4,
          ebering_dispersal_statue_hall
D:8:      layout_loops_corners, old_standard_altar, serial_shops,
          nicolae_shop_gaudy_bauble, shop, shop, shop, nicolae_shop_tiny_glass,
          grunt_decor_clamped
D:9:      layout_roguey
D:10:     minmay_statue_hallways, layout_gridville, lemuel_tele_altar,
          orc_0_dummy, hellmonk_ghost_happy_afterlife, uniq_psyche
D:11:     layout_basic, david_lair_shrubbed, special_room [special_room_orc]
D:12:     layout_long_grid, portal_ice_cave_entry_pillars_2,
          hangedman_decor_peaks_small, minmay_holes
D:13:     layout_big_octagon, david_vaults_2, gammafunk_ghost_cemetery,
          uniq_rupert, uniq_frances
D:14:     gammafunk_the_bubble [the_bubble_gammafunk_plus_minus], layout_rooms,
          gammafunk_ghost_cemetery, small_statue_alley_a
D:15:     gammafunk_enter_depths_forms, layout_basic, serial_park_tiny_pond,
          minivault_14, uniq_kirke
Lair:1:   layout_loops_ring
Lair:2:   layout_regular_city, serial_rivers, chequers_serial_rivers_room_a,
          chequers_serial_rivers_room_b, chequers_serial_rivers_room_a,
          chequers_serial_rivers_room_b, chequers_serial_rivers_room_b,
          chequers_serial_rivers_small_a, infiniplex_staircase_pool_2
Lair:3:   layout_cave_pods, swamp_mist
Lair:4:   layout_hall_layers
Lair:5:   grunt_lair_end_beastmaster, layout_regular_city,
          nicolae_slime_entry_field_trip, eino_small_chamber_without_monster,
          lookout_lair_type
Snake:1:  layout_grid_maze, basic_altar
Snake:2:  layout_cave_town
Snake:3:  layout_basic, basic_altar, minmay_shoptagon, uniq_aizul
Snake:4:  johnstein_snake_rune_scales, layout_onion, grunt_megastairs_2
Orc:1:    layout_diamond_mine
Orc:2:    st_orc_elflike, layout_diamond_mine, gauntlet_entry_generic,
          basic_altar

Skill      XL: |  1  2  3  4  5  6  7  8  9 10 11 12 13 14 15 16 17 |
---------------+----------------------------------------------------+-----
Transmutations | 2 3 4 5 6 7 8 9 10 | 10.3
Spellcasting   | 5 6 7 8 9 10 11 12 | 12.9
Invocations    | 1 2 3 4 5 6 8 10 11 12 13 | 13.0
Fighting       | 1 2 3 4 5 6 7 8 9 10 11 | 11.9
Short Blades   | 1 2 3 4 5 6 7 8 9 10 11 | 11.9
Long Blades    | 1 2 3 4 5 6 7 8 9 10 11 | 11.9
Axes           | 1 2 3 4 5 6 7 8 9 10 11 | 11.9
Maces & Flails | 1 2 3 4 5 6 7 8 9 10 11 | 11.9
Polearms       | 1 2 3 4 5 6 7 8 9 10 11 | 11.9
Staves         | 1 2 3 4 5 6 7 8 9 10 11 | 11.9
Ranged Weapons | 1 2 3 4 5 6 7 8 9 10 11 | 11.9
Throwing       | 1 2 3 4 5 6 7 8 9 10 11 | 11.9
Armour         | 1 2 3 4 5 6 7 8 9 10 11 | 11.9
Shields        | 1 2 3 4 5 6 7 8 9 10 11 | 11.9
Unarmed Combat | 1 2 3 4 5 6 7 8 9 10 11 | 11.9
Evocations     | 1 2 3 4 5 6 7 8 9 10 11 | 11.9
Conjurations   | 1 2 3 4 5 6 7 8 9 10 | 10.1
Hexes          | 1 2 3 4 5 6 7 8 9 10 | 10.1
Summonings     | 1 2 3 4 5 6 7 8 9 10 | 10.1
Necromancy     | 1 2 3 4 5 6 7 8 9 10 | 10.1
Translocations | 1 2 3 4 5 6 7 8 9 10 | 10.1
Fire Magic     | 1 2 3 4 5 6 7 8 9 10 | 10.1
Ice Magic      | 1 2 3 4 5 6 7 8 9 10 | 10.1
Air Magic      | 1 2 3 4 5 6 7 8 9 10 | 10.1
Poison Magic   | 1 2 3 4 5 6 7 8 9 10 | 10.1
Dodging        | 5 6 7 8 9 10 11 12 | 12.7
Stealth        | 5 6 7 8 9 10 11 12 | 12.6
Earth Magic    | 6 7 8 9 10 11 | 11.4

Action                     |  1- 3 |  4- 6 |  7- 9 | 10-12 | 13-15 | 16-18 || total
---------------------------+-------+-------+-------+-------+-------+-------++-------
  Melee: Unarmed           |     2 |       |       |       |       |       ||     2
         Dagger            |    25 |     1 |     1 |    20 |       |       ||    47
         Staff             |       |    13 |    35 |    93 |   202 |    69 ||   412
         Bite              |       |     4 |     7 |    13 |    30 |     8 ||    62
         Punch             |       |     1 |     1 |     2 |       |       ||     4
         Short sword       |       |       |    22 |       |       |       ||    22
         Trident           |       |       |       |    16 |       |       ||    16
  Throw: Dart              |       |       |     3 |    24 |     6 |     3 ||    36
         Javelin           |       |       |       |     3 |    27 |    30 ||    60
         Boomerang         |       |       |       |       |     8 |       ||     8
         Throwing net      |       |       |       |       |       |     1 ||     1
   Cast: Sandblast         |    40 |    54 |   108 |   274 |    56 |     6 ||   538
         Stone Arrow       |       |       |    18 |    50 |   347 |   164 ||   579
         Call Canine Famil |       |       |       |    15 |    29 |     4 ||    48
         Petrify           |       |       |       |    12 |     2 |       ||    14
         Summon Guardian G |       |       |       |    15 |    39 |     3 ||    57
         Iron Shot         |       |       |       |       |    26 |    40 ||    66
         Hailstorm         |       |       |       |       |    15 |     4 ||    19
         Alistair's Intoxi |       |       |       |       |     4 |       ||     4
         Spellforged Servi |       |       |       |       |    11 |    28 ||    39
         Arcjolt           |       |       |       |       |     9 |       ||     9
 Invoke: Curse Item        |       |       |     2 |     5 |     4 |     1 ||    12
         Shatter the Chain |       |       |     1 |       |     3 |       ||     4
  Evoke: Wand              |       |       |       |     3 |    48 |     4 ||    55
         Lightning rod     |       |       |       |       |    17 |    10 ||    27
         Condenser vane    |       |       |       |       |       |     1 ||     1
    Use: Scroll            |     1 |     8 |     3 |     4 |     4 |       ||    20
         Potion            |       |       |     6 |       |     2 |     1 ||     9
   Stab: Sleeping          |     1 |     1 |     1 |     2 |       |       ||     5
         Petrified         |       |       |       |     9 |    14 |       ||    23
         Distracted        |       |       |       |     1 |     1 |     1 ||     3
 Armour: Leather armour    |     4 |     6 |    18 |       |       |       ||    28
         Robe              |       |       |     1 |    54 |    81 |    42 ||   178
  Dodge: Dodged            |    11 |    22 |    56 |   173 |   215 |    70 ||   547
  Block: Buckler           |       |       |       |    57 |   126 |    71 ||   254
         Reflection        |       |       |       |       |       |    13 ||    13

Table legend: (Time is in decaauts)
 A = Elapsed time spent in this place.
 B = Non-inter-level travel time spent in this place.
 C = Inter-level travel time spent in this place.
 D = Time resting spent in this place.
 E = Time spent auto-exploring this place.
 F = Levels seen in this place.
 G = Mean time per level.
                   A        B        C        D        E       F      G
               +--------+--------+--------+--------+--------+-----+--------+
         Total |  38134 |  35804 |   2330 |   7540 |  22101 |  31 | 1230.1 |
       Dungeon |  18678 |  17140 |   1538 |   2648 |  11652 |  15 | 1245.2 |
          Lair |   7317 |   6818 |    499 |   1361 |   4607 |   5 | 1463.4 |
     Snake Pit |   6996 |   6779 |    217 |   2182 |   3750 |   4 | 1749.0 |
  Orcish Mines |   1619 |   1545 |     74 |    501 |    735 |   2 |  809.5 |
         Sewer |   1113 |   1113 |      0 |     67 |    761 |   1 | 1113.0 |
       Ossuary |    343 |    343 |      0 |     84 |    132 |   1 |  343.0 |
        Bailey |    178 |    178 |      0 |      0 |      0 |   1 |  178.0 |
      Ice Cave |   1157 |   1157 |      0 |    488 |    219 |   1 | 1157.0 |
      Gauntlet |    728 |    728 |      0 |    208 |    243 |   1 |  728.0 |
               +--------+--------+--------+--------+--------+-----+--------+

Top non-repeatable levels by time:
 Snake:4: 2432 daAuts
  Lair:5: 2164 daAuts
    D:12: 1973 daAuts
 Snake:2: 1954 daAuts
    D:15: 1843 daAuts
    D:11: 1766 daAuts
 Snake:1: 1659 daAuts
  Lair:4: 1567 daAuts
  Lair:2: 1563 daAuts
     D:4: 1485 daAuts
    D:10: 1321 daAuts
    D:14: 1257 daAuts
   Orc:2: 1251 daAuts
  Lair:3: 1248 daAuts
     D:8: 1214 daAuts

Table legend:
 A = Kills in this place as a percentage of kills in the entire game.
 B = Kills by you in this place as a percentage of kills by you in the entire game.
 C = Kills by friends in this place as a percentage of kills by friends in the entire game.
 D = Other kills in this place as a percentage of other kills in the entire game.
 E = Experience gained in this place as a percentage of experience gained in the entire game.
 F = Experience gained in this place divided by the number of levels of this place that you have seen.
                   A       B       C       D       E      F
               +-------+-------+-------+-------+-------+----------------------
         Total | 100.0 | 100.0 | 100.0 | 100.0 | 100.0 | 6407.2
       Dungeon |  45.6 |  47.2 |  30.0 |  47.9 |  35.1 | 4646.8
          Lair |  13.3 |  14.1 |   6.2 |  12.5 |  17.8 | 7079.4
     Snake Pit |  15.9 |  12.5 |  53.8 |   4.2 |  32.4 | 16081.2
  Orcish Mines |   8.2 |   8.2 |   8.8 |   8.3 |   6.0 | 5980.5
         Sewer |   2.9 |   3.5 |   0.0 |   0.0 |   0.2 | 307.0
       Ossuary |   4.2 |   5.0 |   0.0 |   0.0 |   0.2 | 411.0
        Bailey |   2.5 |   2.9 |   0.0 |   0.0 |   0.4 | 701.0
      Ice Cave |   5.3 |   4.4 |   1.2 |  25.0 |   5.8 | 11601.0
      Gauntlet |   2.0 |   2.2 |   0.0 |   2.1 |   2.1 | 4219.0
               +-------+-------+-------+-------+-------+----------------------

Levels and vault maps discovered:
D:1:      dpeg_arrival_connections, layout_basic, roderic_st_hans_cross
D:2:      layout_basic, minmay_misc_feat_square, uniq_crazy_yiuf_cottage
D:3:      layout_basic, ashenzari_altar_1, portal_sewer_entry_f,
          hangedman_abyss_or_decor_stabs, amcnicky_mini_pool_small,
          uniq_natasha, uniq_grinder, uniq_robin
D:4:      layout_layer_cave, mainiacjoe_overflow_concentric_impassable,
          mainiacjoe_overflow_chevrons, mainiacjoe_overflow_alcove_4,
          uniq_eustachio
D:5:      minmay_opposing_rooms, layout_loops_ring, minmay_misc_feat_room
D:6:      layout_loops_ring, nicolae_wu_jian_immortal_techniques,
          nicolae_elyvilon_peaceful_grove, mainiacjoe_overflow_six_doors_small
D:7:      layout_loops_ring, dancing_weapons_uskayaw,
          minmay_temple_entry_large_hall, enter_bailey_2, enter_ossuary_4,
          ebering_dispersal_statue_hall
D:8:      layout_loops_corners, old_standard_altar, serial_shops,
          nicolae_shop_gaudy_bauble, shop, shop, shop, nicolae_shop_tiny_glass,
          grunt_decor_clamped
D:9:      layout_roguey
D:10:     minmay_statue_hallways, layout_gridville, lemuel_tele_altar,
          orc_0_dummy, hellmonk_ghost_happy_afterlife, uniq_psyche
D:11:     layout_basic, david_lair_shrubbed, special_room [special_room_orc]
D:12:     layout_long_grid, portal_ice_cave_entry_pillars_2,
          hangedman_decor_peaks_small, minmay_holes
D:13:     layout_big_octagon, david_vaults_2, gammafunk_ghost_cemetery,
          uniq_rupert, uniq_frances
D:14:     gammafunk_the_bubble [the_bubble_gammafunk_plus_minus], layout_rooms,
          gammafunk_ghost_cemetery, small_statue_alley_a
D:15:     gammafunk_enter_depths_forms, layout_basic, serial_park_tiny_pond,
          minivault_14, uniq_kirke
Lair:1:   layout_loops_ring
Lair:2:   layout_regular_city, serial_rivers, chequers_serial_rivers_room_a,
          chequers_serial_rivers_room_b, chequers_serial_rivers_room_a,
          chequers_serial_rivers_room_b, chequers_serial_rivers_room_b,
          chequers_serial_rivers_small_a, infiniplex_staircase_pool_2
Lair:3:   layout_cave_pods, swamp_mist
Lair:4:   layout_hall_layers
Lair:5:   grunt_lair_end_beastmaster, layout_regular_city,
          nicolae_slime_entry_field_trip, eino_small_chamber_without_monster,
          lookout_lair_type
Snake:1:  layout_grid_maze, basic_altar
Snake:2:  layout_cave_town
Snake:3:  layout_basic, basic_altar, minmay_shoptagon, uniq_aizul
Snake:4:  johnstein_snake_rune_scales, layout_onion, grunt_megastairs_2
Orc:1:    layout_diamond_mine
Orc:2:    st_orc_elflike, layout_diamond_mine, gauntlet_entry_generic,
          basic_altar
